 Dungeon Crawl Stone Soup version bcrawl-1.12-10-g10a67aac0f (webtiles) character file.

Game seed: 16020011251999488121

9438 Gumption the Covert (level 11, -1/72 HPs)
             Began as a Dusk Walker Archaeologist on June 18, 2019.
             Was an Elder of Dithmenos.
             Slain by a shadow (12 damage)
             ... on level 9 of the Dungeon.
             The game lasted 00:50:57 (10801 turns).

Gumption the Covert (Dusk Walker Archaeologist)    Turns: 10801, Time: 00:50:58

Health: -1/72      AC: 13    Str: 17    XL:     11   Next: 23%
Magic:  11/11      EV: 12    Int: 17    God:    Dithmenos [****..]
Gold:   737        SH:  9    Dex: 12    Spells: 10/10 levels left

rFire    . . .     SeeInvis .   a - +12 flail "Goamo" {crush, rElec rC+ Str+3 Int+2}
rCold    + . .     Gourm    .   H - +0 shield
rNeg     . . .     Faith    .   G - +0 ring mail {rPois}
rPois    +         Spirit   .   t - +1 hat
rElec    +         Reflect  .   (no cloak)
rCorr    .         Harm     .   d - +1 pair of gloves
MR       +....                  z - +2 pair of boots
Stlth    +++++++++.             (no amulet)
HPRegen  0.22/turn              (no ring)
MPRegen  0.12/turn              (no ring)

@: lethally poisoned (-1 -> -2), wreathed by umbra
A: draining touch, unencumbered stealth, fangs 3, nightstalker 1
a: Shadow Step, Renounce Religion


You were on level 9 of the Dungeon.
You worshipped Dithmenos.
Dithmenos was greatly pleased with you.
You were not hungry.

You visited 1 branch of the dungeon, and saw 10 of its levels.
You also visited: Sewer.

You collected 737 gold pieces.

Inventory:

Hand Weapons
 a - the +12 flail "Goamo" (weapon) {crush, rElec rC+ Str+3 Int+2}
   (You found it on level 6 of the Dungeon)

   It inflicts extra damage upon your enemies.
   It affects your strength (+3).
   It affects your intelligence (+2).
   It protects you from cold.
   It insulates you from electricity.
 b - the +6 Scorpio {venom, beckon}

   It poisons the ammo it fires.
Missiles
 v - 500 tomahawks (quivered)
 y - 200 bolts
Armour
 c - a +3 leather armour
 d - a +1 pair of gloves (worn)
 o - the cursed +1 ring mail of Fashionability {rN+ Str+2}
   (You found it on level 5 of the Dungeon)

   It affects your strength (+2).
   It protects you from negative energy.
   It has a curse placed upon it.
 t - a +1 hat (worn)
 z - a +2 pair of boots (worn)
 G - a +0 ring mail of poison resistance (worn)
 H - a +0 shield (worn)
 I - a +2 scale mail of cold resistance
 Q - a +0 plate armour
Jewellery
 B - a cursed amulet of inaccuracy {unknown}
 L - a cursed -3 ring of dexterity {unknown}
Wands
 l - a wand of polymorph (16)
 D - a wand of scattershot (6)
 E - a wand of disintegration (10)
 M - a wand of random effects (8)
 N - a wand of flame (7)
 O - a wand of paralysis (5)
Scrolls
 f - a scroll of blinking
 h - 2 scrolls of magic mapping {unknown}
 i - 4 scrolls of fear
 j - 10 scrolls of identify
 k - a scroll of noise {unknown}
 n - 5 scrolls of teleportation
 r - 5 scrolls of remove curse
 x - 2 scrolls of enchant armour {unknown}
 K - a scroll of vulnerability {unknown}
Potions
 g - a potion of degeneration {unknown}
 m - 6 potions of curing
 p - a potion of magic
 q - 3 potions of cancellation
 s - a potion of flight
 u - a potion of brilliance {unknown}
 w - 2 potions of ambrosia
 A - a potion of agility {unknown}
 C - 3 potions of might {unknown}
 F - a potion of berserk rage {unknown}
 J - a potion of heal wounds
 P - a potion of haste {unknown}
Comestibles
 e - 15 rations {!d}
 R - 3 chunks of flesh


   Skills:
 + Level 6.1 Fighting
   Level 4.5 Short Blades
 + Level 3.6 Maces & Flails
 * Level 9.0 Crossbows
 + Level 6.4 Armour
 + Level 6.8 Dodging
 * Level 13.8 Stealth
 * Level 4.0 Shields


You had 10 spell levels left.
You didn't know any spells.
Your spell library contained the following spells:

 Spells                   Type           Power        Failure   Level  Hunger
 Corona                   Hex            #......      86%         1    ##.....
 Shackle                  Hex            #.......     94%         2    ###....
 Confuse                  Hex            #.......     99%         3    ####...
 Dazzling Spray           Conj/Hex       #.....       99%         3    ####...
 False Image              Hex/Summ       #.......     99%         3    ####...
 Inner Flame              Hex/Fire       N/A          99%         3    ####...
 Cause Fear               Hex            #.........   100%        4    #####..
 Petrify                  Tmut/Erth      #.......     100%        4    #####..
 Yara's Violent Unravell  Hex/Tmut       #.........   100%        4    #####..
 Metabolic Englaciation   Hex/Ice        #.........   100%        5    ######.


Dungeon Overview and Level Annotations

Branches:
Dungeon (10/12)            Temple (0/1) D:4            Lair (0/6) D:7
    Orc (0/1) D:8

Altars:
Cheibriados
Dithmenos
Elyvilon
Gozag
Hepliaklqana
Lugonu
Nemelex Xobeh
Sif Muna
Uskayaw
Yredelemnul

Shops:
D:7 }

Annotations:
D:7 2 transporters, feta's ghost, novice SDFi


Innate Abilities, Weirdness & Mutations

Your attacks drain your enemies.
You move stealthily even while encumbered by armour.
You have razor-sharp teeth.
You are slightly more attuned to the shadows.


Message History

You are poisoned.
You feel sick.
The kobold shoots a poisoned needle.
The poisoned needle barely misses you.
You feel sick.
You feel sick.
You feel sick.
The kobold shoots a poisoned needle.
The poisoned needle barely misses you.
You feel sick.
You feel sick.
You feel sick.
You feel sick.
The kobold shoots a poisoned needle.
You block the poisoned needle.
You feel sick.
The shadow strikes at you from the darkness!
Things that are here:
a +0 robe; a +1 great sword The kobold shoots a poisoned needle.
You block the poisoned needle.
You feel sick.
The shadow strikes at you from the darkness!
You die...

##.....................#.)..
##..K................###...
##.................## ##..
##..[............## ##.
##.g.............## ##..
##...KK....#.....###...
##.[.....###.....#....
##.......#...........
##.@................
##.................
##................
##.............)[
##............<<
###############


You could see a big kobold, a gnoll and a kobold.

Vanquished Creatures
  A two-headed ogre (D:9)
  Nergalle (D:9)
  An orc knight (D:10)
  An elephant (D:7)
  2 trolls
  4 hippogriffs
  A shadow (D:9)
  2 basilisks (D:7)
  2 wyverns (D:8)
  A steam dragon (D:8)
  A hungry ghost (D:6)
  2 orc warriors
  A black bear (D:4)
  2 ice beasts
  3 sky beasts
  6 ogres
  A phantom (D:7)
  4 boggarts (D:7)
  5 centaurs
  A crocodile (D:9)
  2 big kobolds
  3 bullfrogs
  A gnoll sergeant (D:7)
  5 scorpions
  8 wights (D:9)
  A howler monkey (D:6)
  A crimson imp (D:7)
  A bullfrog zombie (D:5)
  4 centaur zombies
  A bullfrog skeleton (D:5)
  7 hounds
  A jelly (D:9)
  10 orc wizards
  5 orc priests
  A centaur skeleton (D:8)
  11 worker ants
  2 hound zombies
  A hound skeleton (D:7)
  A worker ant zombie (D:8)
  10 adders
  12 gnolls
  3 river rats
  2 shadow imps (D:5)
  3 oozes
  11 worms
  3 dart slugs
  6 leopard geckos
  43 orcs
  3 giant cockroaches
  3 goblins (D:1)
  5 hobgoblins
  10 jackals
  18 kobolds
  3 quokkas
  4 bats
  3 frilled lizards
  A quokka skeleton (D:5)
  13 rats
264 creatures vanquished.

Vanquished Creatures (others)
  An orc (D:9)
1 creature vanquished.

Grand Total: 265 creatures vanquished

Notes
Turn   | Place    | Note
-------+----------+-------------------------------------------
     0 | D:1      | Gumption the Dusk Walker Archaeologist began the quest for
                  | the Orb.
     0 | D:1      | Reached XP level 1. HP: 13/13 MP: 1/1
    47 | D:1      | Reached skill level 5 in Stealth
   100 | D:1      | Reached XP level 2. HP: 13/18 MP: 2/2
   403 | D:1      | Reached skill level 1 in Armour
   495 | D:1      | Reached XP level 3. HP: 22/23 MP: 3/3
   847 | D:2      | Found a shadowy altar of Dithmenos.
  1008 | D:2      | Became a worshipper of Dithmenos the Shadowed
  1333 | D:2      | Reached skill level 6 in Stealth
  1348 | D:2      | Reached skill level 1 in Crossbows
  1348 | D:2      | Gained mutation: You are slightly more attuned to the
                  | shadows. [Dusk Walker growth]
  1348 | D:2      | Reached XP level 4. HP: 29/29 MP: 4/4
  2161 | D:3      | Reached skill level 1 in Short Blades
  2211 | D:3      | Reached * piety under Dithmenos
  2267 | D:3      | Found a glowing drain.
  2289 | Sewer    | Entered a sewer
  2515 | Sewer    | Noticed a big kobold
  2544 | Sewer    | Killed a big kobold
  2544 | Sewer    | Reached XP level 5. HP: 17/34 MP: 5/5
  2718 | Sewer    | Found a white marble altar of Elyvilon.
  2913 | D:3      | Reached skill level 7 in Stealth
  2961 | D:3      | Reached XP level 6. HP: 12/40 MP: 6/6
  3186 | D:3      | Found a corrupted altar of Lugonu.
  3363 | D:3      | HP: 1/41 [orc/stone (3)]
  3755 | D:3      | Noticed a sky beast
  3763 | D:3      | Reached ** piety under Dithmenos
  3797 | D:3      | Killed a sky beast
  3797 | D:3      | Reached XP level 7. HP: 30/45 MP: 7/7
  4230 | D:4      | Reached skill level 8 in Stealth
  4554 | D:4      | Found a staircase to the Ecumenical Temple.
  4582 | D:4      | Reached skill level 5 in Crossbows
  5162 | D:5      | Entered Level 5 of the Dungeon
  5185 | D:5      | HP: 2/46 [black bear (1)]
  5199 | D:4      | Reached skill level 9 in Stealth
  5199 | D:4      | Gained mutation: You have razor-sharp teeth. [Dusk Walker
                  | growth]
  5199 | D:4      | Reached XP level 8. HP: 26/52 MP: 8/8
  5728 | D:5      | Found a hide-covered altar of Uskayaw.
  5802 | D:5      | Reached skill level 10 in Stealth
  5867 | D:5      | Got a translucent ring mail
  5960 | D:5      | Reached *** piety under Dithmenos
  6055 | D:5      | Found a basalt altar of Yredelemnul.
  6072 | D:5      | Found a deep blue altar of Sif Muna.
  6091 | D:5      | Reached skill level 5 in Dodging
  6120 | D:5      | Found a snail-covered altar of Cheibriados.
  6430 | D:6      | Noticed a hippogriff
  6433 | D:6      | Killed a hippogriff
  6433 | D:6      | Reached XP level 9. HP: 49/58 MP: 9/9
  6447 | D:6      | Got a brightly glowing flail
  6448 | D:6      | Identified the cursed +1 ring mail of Fashionability {rN+
                  | Str+2} (You found it on level 5 of the Dungeon)
  6449 | D:6      | Identified the +12 flail "Goamo" {crush, rElec rC+ Str+3
                  | Int+2} (You found it on level 6 of the Dungeon)
  6564 | D:6      | Found a hazy altar of Hepliaklqana.
  6595 | D:6      | Reached skill level 11 in Stealth
  6688 | D:6      | Reached skill level 1 in Maces & Flails
  6942 | D:7      | Noticed a troll
  6949 | D:7      | Found Ifayrruh's Gadget Shop.
  7058 | D:7      | Noticed feta's ghost (novice SDFi)
  7077 | D:7      | Reached **** piety under Dithmenos
  7077 | D:7      | Reached skill level 5 in Armour
  7094 | D:7      | Found a staircase to the Lair.
  7094 | D:7      | Noticed a troll
  7095 | D:7      | Noticed an elephant
  7101 | D:7      | Killed a troll
  7101 | D:7      | Reached skill level 5 in Fighting
  7101 | D:7      | Reached skill level 12 in Stealth
  7108 | D:7      | Killed an elephant
  7113 | D:7      | Reached XP level 10. HP: 5/66 MP: 10/10
  7561 | D:7      | Found a white marble altar of Elyvilon.
  7580 | D:7      | Found a transporter.
  7587 | D:7      | Found a transporter.
  7819 | D:8      | Reached skill level 1 in Shields
  7910 | D:8      | Found a staircase to the Orcish Mines.
  8111 | D:8      | Found an opulent altar of Gozag.
  8221 | D:8      | Found a sparkling altar of Nemelex Xobeh.
  8898 | D:9      | Reached skill level 13 in Stealth
  9484 | D:9      | Noticed Nergalle
  9494 | D:9      | Killed Nergalle
  9494 | D:9      | Reached ***** piety under Dithmenos
  9494 | D:9      | Reached XP level 11. HP: 17/72 MP: 11/11
  9759 | D:9      | Noticed a two-headed ogre
 10055 | D:9      | HP: 3/72 [two-headed ogre/cursed -1 giant spiked club (19)]
 10058 | D:9      | Killed a two-headed ogre
 10586 | D:10     | Entered Level 10 of the Dungeon
 10586 | D:10     | Found a basalt altar of Yredelemnul.
 10589 | D:10     | Noticed an orc knight
 10596 | D:10     | Noticed a brown ugly thing
 10597 | D:10     | Killed an orc knight
 10801 | D:9      | Slain by a shadow

Skill      XL: |  1  2  3  4  5  6  7  8  9 10 11 |
---------------+----------------------------------+-----
Stealth        | 5 6 7 9 10 12 13 | 13.8
Armour         | 1 2 3 4 5 6 |  6.4
Crossbows      | 1 2 3 4 5 6 8 9 |  9.0
Short Blades   | 1 2 3 4 |  4.5
Fighting       | 2 3 4 5 6 |  6.1
Dodging        | 4 5 6 |  6.8
Maces & Flails | 2 3 |  3.6
Shields        | 3 4 |  4.0

Action                   |  1- 3 |  4- 6 |  7- 9 | 10-12 || total
-------------------------+-------+-------+-------+-------++-------
Melee: Unarmed           |    13 |     1 |       |       ||    14
       Bite              |     6 |    28 |    15 |    13 ||    62
       Dagger            |   110 |   267 |   202 |       ||   579
       Flail             |       |       |    13 |   115 ||   128
 Fire: Hunting sling     |       |     8 |       |       ||     8
       Hand crossbow     |       |       |   115 |    93 ||   208
Throw: Tomahawk          |       |       |     2 |     1 ||     3
  Use: Scroll            |     4 |     4 |     5 |     1 ||    14
       Potion            |       |     2 |     1 |       ||     3
 Stab: Sleeping          |     8 |     9 |    10 |     2 ||    29
       Distracted        |     1 |     1 |       |       ||     2
  Eat: Chunk             |     1 |     8 |    14 |     8 ||    31
       Ration            |       |       |       |     1 ||     1
Armor: Robe              |    48 |    71 |    52 |       ||   171
       Leather armour    |       |       |    44 |     8 ||    52
       Ring mail         |       |       |       |    57 ||    57
Dodge: Dodged            |    73 |   163 |   194 |   132 ||   562
Block: Shield            |       |       |       |    91 ||    91
